 Dungeon Crawl Stone Soup version 0.31.0-9-g3a7656b989 (webtiles) character file.

Game seed: 15029991060214236346

171 qw the Skirmisher (level 5, -1/31 HPs)
             Began as a Deep Elf Hunter on Feb 2, 2024.
             Slain by an orc warrior
             ... wielding a +0 long sword
              (9 damage)
             ... on level 4 of the Dungeon.
             The game lasted 00:00:09 (2015 turns).

qw the Skirmisher (Deep Elf Hunter)                 Turns: 2015, Time: 00:00:09

Health: -1/31      AC:  7    Str: 10    XL:     5   Next: 26%
Magic:  7/7        EV: 11    Int: 14    God:
Gold:   173        SH:  0    Dex: 18    Spells: 4/4 levels left

rFire   . . .        a - +0 shortbow (drain)
rCold   . . .        (shield currently unavailable)
rNeg    . . .        e - +0 ring mail
rPois   .            (helmet restricted)
rElec   .            (no cloak)
rCorr   .            i - +1 pair of gloves
SInv    .            (no boots)
Will    +....        (no amulet) Stlth
                     (no ring)
HPRegen 0.25/turn    (no ring)
MPRegen 0.10/turn

%: no passive effects
@: confused
A: antennae 1, strong-willed 1, robust 1
a: no special abilities


You were on level 4 of the Dungeon.
You visited 1 branch of the dungeon, and saw 4 of its levels.

You collected 173 gold pieces.


Innate Abilities, Weirdness & Mutations

You have a pair of small antennae on your head.
You are strong-willed. (Will+)
You are robust. (+10% HP)


   Skills:
 - Level 1.5 Fighting
 + Level 8.7 Ranged Weapons
 - Level 2.4 Dodging
 - Level 1.2 Stealth


You had 4 spell levels left.
You didn't know any spells.
Your spell library was empty.

Inventory:

Hand Weapons
 a - a +0 shortbow of draining (weapon)
Armour
 e - a +0 ring mail (worn)
 i - a +1 pair of gloves (worn)
Wands
 g - a wand of roots (6)
Scrolls
 b - 2 scrolls of identify
 f - a scroll of teleportation
Potions
 c - a potion of heal wounds
 h - a potion of mutation

Dungeon Overview and Level Annotations

Branches:
Dungeon (4/15)
 Temple: D:4-7

Altars:
Cheibriados
Fedhas

Shops:
D:1 [


Message History

You shoot an arrow. The arrow barely misses the orc wizard.
An orc wizard comes into view. It is wielding a +0 dagger.
2006 ||| RETREEEEATING.
The orc wizard casts a spell at you. You resist with almost no effort.
You shoot an arrow. The arrow barely misses the orc wizard.
An orc wizard comes into view. It is wielding a +0 dagger.
The orc wizard hits you but does no damage.
2008 ||| RETREEEEATING.
2009 ||| RETREEEEATING.
The orc wizard attacks as it pursues you!
The orc wizard barely misses you.
You shoot an arrow.
The arrow closely misses the orc wizard.
The orc wizard hits you but does no damage.
You shoot an arrow. The orc wizard shouts!
The arrow hits the orc wizard.
You drain the orc wizard.
The orc wizard is heavily wounded.
The orc wizard hits you but does no damage.
You shoot an arrow. The arrow barely misses the orc wizard.
The orc wizard gestures at you while chanting.
The magic dart hits you! The orc warrior closely misses you.
You shoot an arrow. The arrow hits the orc wizard.
You drain the orc wizard.
The orc wizard is almost dead.
You hear a shout!
The orc wizard points at you and mumbles some strange words.
You are confused.
The orc warrior hits you with a +0 long sword.
The orc wizard hits you but does no damage.
The orc warrior misses you.
The orc wizard mumbles some strange words.
The orc wizard flickers and vanishes!
Deactivating autopickup; reactivate with Ctrl-A.
The orc wizard casts a spell.
The orc wizard flickers and vanishes!
The orc wizard points at you and mumbles some strange words.
The puff of flame hits you!
The orc warrior hits you with a +0 long sword!
You die...

###### # ##
###....### ..#
#.###........# ....
#@#........# o....
##oo%.......#
......#.o.......:.#
....o.{..........##
.....{...........#
.................#
.........#......##
.o......##......#
.......###......#


You could see an orc warrior, an orc wizard (very drained) and an orc.

Vanquished Creatures
  A bombardier beetle (D:3)
  An orc wizard (D:3)
  4 adders
  3 dart slugs
  4 orcs (D:3)
  4 ball pythons
  3 bats (D:2)
  4 endoplasms
  5 giant cockroaches
  12 hobgoblins
  2 jackals (D:1)
  A quokka (D:2)
  2 frilled lizards
  8 goblins
  6 kobolds
  7 rats
67 creatures vanquished.

Notes
Turn   | Place    | Note
-------+----------+-------------------------------------------
     0 | D:1      | qw the Deep Elf Hunter began the quest for the Orb.
     0 | D:1      | Reached XP level 1. HP: 12/12 MP: 3/3
     0 | D:1      | 0 ||| qw: Version: 0.3-a-155-g5e7d8dd
     0 | D:1      | 0 ||| qw: Game counter: 43
     0 | D:1      | 0 ||| qw: Melee chars always use a shield: true
     0 | D:1      | 0 ||| qw: God list: Okawaru
     0 | D:1      | 0 ||| qw: Allow faded altars: false
     0 | D:1      | 0 ||| qw: Do Orc after clearing Dungeon:15 true
     0 | D:1      | 0 ||| qw: Do second Lair branch before Depths: true
     0 | D:1      | 0 ||| qw: Lair rune preference: random
     0 | D:1      | 0 ||| qw: Goals: Normal
     0 | D:1      | 0 ||| PLANNING D:1-11
   105 | D:1      | Reached XP level 2. HP: 16/16 MP: 4/4
   112 | D:1      | Reached skill level 6 in Ranged Weapons
   209 | D:1      | Found a faded altar of an unknown god.
   209 | D:1      | Noticed a tormentor
   212 | D:1      | 212 ||| UPGRADING to +0 ring mail.
   220 | D:1      | 220 ||| UPGRADING to +0 leather armour.
   225 | D:1      | 225 ||| UPGRADING to +0 ring mail.
   235 | D:1      | 235 ||| DROPPING +0 leather armour.
   295 | D:1      | Found Utsivuj's Armour Shop.
   301 | D:1      | 301 ||| SHOPLISTING scarf of resistance (352 gold, have
                  | 31).
   479 | D:1      | Reached XP level 3. HP: 20/20 MP: 5/5
   612 | D:1      | 612 ||| READING scroll labelled QUGEXE OFUB.
   613 | D:1      | 613 ||| READING 2 scrolls labelled HIEJ ULAOSMIPT.
   613 | D:1      | 613 ||| IDENTIFYING yellow potion
   614 | D:1      | 614 ||| READING scroll of identify.
   614 | D:1      | 614 ||| IDENTIFYING scroll labelled UNAEME BUHU
   615 | D:1      | 615 ||| READING scroll labelled ROYPTI BEFYNA.
   616 | D:1      | 616 ||| READING scroll labelled TUWKAI SAGEF.
   616 | D:1      | 616 ||| BRANDING +0 shortbow.
   617 | D:1      | 617 ||| DROPPING scroll of butterflies.
   618 | D:1      | 618 ||| DROPPING potion of magic.
   795 | D:2      | Reached skill level 7 in Ranged Weapons
   952 | D:2      | Reached XP level 4. HP: 25/25 MP: 6/6
  1387 | D:2      | 1387 ||| READING scroll of identify.
  1387 | D:2      | 1387 ||| IDENTIFYING smoky brown potion
  1388 | D:2      | 1388 ||| READING scroll labelled EMUGOI WACW.
  1389 | D:2      | 1389 ||| READING scroll labelled UPIDOI DITHROHI.
  1390 | D:2      | 1390 ||| DRINKING 2 bubbling amethyst potions.
  1390 | D:2      | Gained mutation: You have a pair of small antennae on your
                  | head. [potion of mutation]
  1390 | D:2      | Gained mutation: You are robust. (+10% HP) [potion of
                  | mutation]
  1390 | D:2      | Gained mutation: You are strong-willed. (Will+) [potion of
                  | mutation]
  1399 | D:2      | 1399 ||| Stepping ~*~*~tactically~*~*~ (cloud).
  1404 | D:2      | HP: 6/27 [poisoned by you (poison gas)]
  1540 | D:3      | 1540 ||| FLEEEEING.
  1542 | D:3      | 1542 ||| FLEEEEING.
  1543 | D:3      | 1543 ||| FLEEEEING.
  1545 | D:3      | 1545 ||| FLEEEEING.
  1592 | D:3      | Reached skill level 8 in Ranged Weapons
  1653 | D:3      | Reached XP level 5. HP: 31/31 MP: 7/7
  1654 | D:3      | Found a snail-covered altar of Cheibriados.
  1779 | D:3      | Found a blossoming altar of Fedhas.
  1933 | D:3      | 1933 ||| UPGRADING to +0 pair of gloves.
  1938 | D:3      | 1938 ||| UPGRADING to +1 pair of gloves.
  1948 | D:3      | 1948 ||| DROPPING +0 pair of gloves.
  2003 | D:4      | Noticed an orc warrior
  2006 | D:4      | 2006 ||| RETREEEEATING.
  2008 | D:4      | 2008 ||| RETREEEEATING.
  2009 | D:4      | 2009 ||| RETREEEEATING.
  2015 | D:4      | Slain by an orc warrior

Levels and vault maps discovered:
D:1:      scummos_arrival_forest, layout_loops_ring, serial_shops,
          nicolae_shop_stone, dreamdust_ecumenical_altar_sealed_demon,
          minmay_tromino_v2
D:2:      layout_loops_cross, minmay_misc_feat_alley, minmay_cupped
D:3:      layout_basic, mainiacjoe_overflow_paths, slow_altar_1
D:4:      layout_cave_pods, mainiacjoe_overflow_surrounded_room,
          lightli_minifort

Skill      XL: |  1  2  3  4 |
---------------+-------------+-----
Ranged Weapons | 6 7 8 |  8.7
Fighting       | |  1.5
Dodging        | |  2.4
Stealth        | |  1.2

Action                     |  1- 3 |  4- 6 || total
---------------------------+-------+-------++-------
   Fire: Shortbow          |   106 |    85 ||   191
    Use: Scroll            |     5 |     3 ||     8
         Potion            |       |     1 ||     1
 Armour: Ring mail         |    11 |    27 ||    38
         Leather armour    |     1 |       ||     1
  Dodge: Dodged            |    18 |    13 ||    31

Table legend:
 A = Non-vault XP
 B = Vault XP
 C = Vault XP percentage of total XP
 D = Non-vault monster count
 E = Vault monster count
 F = Vault count percentage of total count
                 A         B        C        D         E       F
            +---------+---------+-------+---------+---------+-------
      Total |     192 |      53 |  21.6 |      62 |       5 |   7.5
            +---------+---------+-------+---------+---------+-------
        D:1 |      40 |       2 |   4.8 |      24 |       1 |   4.0
        D:2 |      75 |       9 |  10.7 |      23 |       3 |  11.5
        D:3 |      64 |      42 |  39.6 |      14 |       1 |   6.7
        D:4 |      13 |       0 |   0.0 |       1 |       0 |   0.0
            +---------+---------+-------+---------+---------+-------
